 Dungeon Crawl Stone Soup version 0.26-a0-639-g72c4674 (webtiles) character file.

Game seed: 15522518711258795210

580 B1Gdaddy5 the Sneak (level 7, 0/32 HPs)
             Began as a Spriggan Venom Mage on Sept 20, 2020.
             Was an Initiate of Vehumet.
             Slain by Menkaure (19 damage)
             ... on level 5 of the Dungeon.
             The game lasted 00:40:35 (5870 turns).

B1Gdaddy5 the Sneak (Spriggan Venom Mage)           Turns: 5870, Time: 00:40:40

Health: 0/32       AC:  8    Str:  4    XL:     7   Next: 13%
Magic:  6/14       EV: 20    Int: 25    God:    Vehumet [......]
Gold:   155        SH:  0    Dex: 16    Spells: 11/14 levels left

rFire    . . .     SeeInvis +   c - +1 short sword
rCold    . . .     Faith    .   (shield restricted)
rNeg     . . .     Spirit   .   a - +2 robe
rPois    .         Reflect  .   (helmet restricted)
rElec    .         Harm     .   (no cloak)
rCorr    .         Rampage  .   (gloves unavailable)
MR       +....                  (boots unavailable)
Stlth    +++.......             f - amulet of regeneration
HPRegen  0.50/turn              k - +4 ring of protection
MPRegen  0.14/turn              s - +6 ring of intelligence

@: brilliant, very quick
A: very small, unfitting armour, see invisible, speed 3
a: Renounce Religion


You were on level 5 of the Dungeon.
You worshipped Vehumet.
Vehumet was noncommittal.
You visited 1 branch of the dungeon, and saw 5 of its levels.

You collected 155 gold pieces.

Inventory:

Hand Weapons
 b - a +0 club
 c - a +1 short sword (weapon)
Armour
 a - a +2 robe (worn)
Jewellery
 f - an amulet of regeneration (around neck)
 i - an uncursed amulet of guardian spirit
 k - a +4 ring of protection (left hand)
 s - a +6 ring of intelligence (right hand)
Wands
 x - a wand of flame (9)
 y - a wand of digging (3)
Scrolls
 d - 5 scrolls of fear
 e - 5 scrolls of remove curse
 l - a scroll of blinking {unknown}
 n - 2 scrolls of noise
 p - 2 scrolls of immolation
 r - 2 scrolls of amnesia {unknown}
 t - a scroll of enchant weapon
 v - a scroll of teleportation {unknown}
 w - a scroll of enchant armour
 A - 2 scrolls of identify
Potions
 g - 2 potions of brilliance
 h - a potion of heal wounds
 j - 3 potions of flight {unknown}
 m - 5 potions of curing {unknown}
 o - a potion of ambrosia {unknown}
 q - 2 potions of degeneration {unknown}
 u - a potion of mutation {unknown}
 z - a potion of might {unknown}


   Skills:
 + Level 2.9 Short Blades
 + Level 5.2 Dodging
 + Level 5.4 Stealth
 + Level 4.3 Spellcasting
 + Level 4.0 Transmutations
 * Level 4.8 Poison Magic


You had 11 spell levels left.
You knew the following spells:

 Your Spells              Type           Power        Failure   Level
a - Sting                 Tmut/Pois      ####         1%          1
b - Poisonous Vapours     Pois/Air       ####..       4%          2

Your spell library contained the following spells:

 Spells                   Type           Power        Failure   Level
 Ignite Poison            Fire/Tmut/Pois ####....     8%          3
 Olgreb's Toxic Radiance  Pois           #####...     12%         4
 Mephitic Cloud           Conj/Pois/Air  ###.....     14%         3


Dungeon Overview and Level Annotations

Branches:
Dungeon (5/15)
 Temple: D:4-7

Altars:
Ashenzari
Dithmenos
Vehumet
The Shining One

Portals:
Sewer: D:5

Annotations:
D:5 Menkaure


Innate Abilities, Weirdness & Mutations

You are very small and have problems with some larger weapons.
You are too small for most types of armour.
You have supernaturally acute eyesight. (SInv)
You cover ground extremely quickly.


Message History

The sting hits Menkaure.
Menkaure is heavily damaged.
You feel clever all of a sudden. Menkaure barely misses you.
The worker ant closely misses you.
Menkaure calls on the powers of darkness!
Your body is wracked with pain!
* * * LOW HITPOINT WARNING * * *
The worker ant convulses!
You feel much better. The worker ant bites you. Menkaure hits you!
The worker ant misses you.
Casting: Sting (safe; 1% risk of failure)
Confirm with . or Enter, or press ? or * to list all spells.
Aiming: Sting (safe; 1% risk of failure)
Press: ? - help, Shift-Dir - straight line, f/p - Menkaure
Aim: Menkaure (heavily damaged, fast)
You feel a surge of power!
The sting hits Menkaure.
Menkaure partially resists.
Menkaure is heavily damaged.
Menkaure hits you!!
Ouch! That really hurt!
You die...

### ############ ...###
#...........
....##############.##########
######................#### #
.#≈≈≈≈#........a..........# #
.#≈≈≈≈#........M@......##.## #
.#≈∩ws#.########.......##..# #
.#≈rsS#...######.......###.## #
.#≈≈sr#...#.................# #
.##+###...#......##)#.####..## #
..a.......#......##..........# #
...####...#......####.######.####
#### #...#......# #............
#...#_.....############.###


You could see Menkaure (fast) and a worker ant.

Vanquished Creatures
  Grinder (D:5)
  An ogre (D:4)
  A bullfrog (D:5)
  2 orc wizards
  2 worker ants
  A hound skeleton (D:5)
  A gnoll (D:1)
  4 adders
  2 oozes
  2 dart slugs
  2 worms (D:3)
  A leopard gecko (D:2)
  6 orcs
  6 hobgoblins
  2 quokkas (D:2)
  9 bats
  4 frilled lizards
  8 goblins
  7 kobolds
  A quokka skeleton (D:4)
  7 rats
70 creatures vanquished.

Notes
Turn   | Place    | Note
-------+----------+-------------------------------------------
     0 | D:1      | B1Gdaddy5 the Spriggan Venom Mage began the quest for the
                  | Orb.
     0 | D:1      | Reached XP level 1. HP: 9/9 MP: 5/5
   460 | D:1      | Reached XP level 2. HP: 13/13 MP: 2/6
   915 | D:1      | Reached XP level 3. HP: 16/16 MP: 4/8
  1307 | D:1      | Reached skill level 1 in Short Blades
  1713 | D:2      | Reached XP level 4. HP: 21/21 MP: 7/9
  2444 | D:2      | Found a glowing golden altar of the Shining One.
  4311 | D:4      | Reached XP level 5. HP: 24/24 MP: 7/11
  4367 | D:4      | Found a shattered altar of Ashenzari.
  4381 | D:4      | Noticed an ogre
  4400 | D:4      | Killed an ogre
  4732 | D:4      | Reached XP level 6. HP: 28/28 MP: 8/12
  5181 | D:4      | Found a radiant altar of Vehumet.
  5196 | D:4      | Became a worshipper of Vehumet
  5200 | D:4      | Learned a level 2 spell: Poisonous Vapours
  5338 | D:5      | Entered Level 5 of the Dungeon
  5338 | D:5      | Noticed Grinder
  5399 | D:5      | Killed Grinder
  5399 | D:5      | Reached skill level 5 in Dodging
  5399 | D:5      | Reached skill level 5 in Stealth
  5504 | D:5      | Reached XP level 7. HP: 32/32 MP: 10/14
  5719 | D:5      | Found a shadowy altar of Dithmenos.
  5822 | D:5      | Found a glowing drain.
  5832 | D:5      | Noticed Menkaure
  5870 | D:5      | Slain by Menkaure

Illustrated notes

Levels and vault maps discovered:
D:1:      ncdulo_lavacross, layout_rooms
D:2:      layout_basic, overflow_temple_1_default, dk_vineyard_3
D:3:      layout_basic
D:4:      layout_basic, nicolae_overflow_crystal_walls, vehumet_altar_wand_db
D:5:      layout_basic, nicolae_ru_awakened_eye,
          nemelex_xobeh_ov_fountains_minmay, overflow_temple_1_default,
          portal_sewer_entry_c, grunt_ministairs_12,
          chequers_serial_rivers_micro_c, uniq_grinder, uniq_menkaure

Skill      XL: |  1  2  3  4  5  6  7 |
---------------+----------------------+-----
Transmutations | 2 3 4 |  4.0
Spellcasting   | 3 4 |  4.3
Short Blades   | 1 2 |  2.9
Stealth        | 4 5 |  5.4
Dodging        | 4 5 |  5.2
Poison Magic   | 4 |  4.8

Action                   |  1- 3 |  4- 6 |  7- 9 || total
-------------------------+-------+-------+-------++-------
Melee: Short sword       |    51 |    11 |     3 ||    65
 Cast: Sting             |    29 |    96 |    24 ||   149
       Poisonous Vapours |       |     1 |       ||     1
  Use: Scroll            |     9 |     1 |       ||    10
       Potion            |       |       |     2 ||     2
 Stab: Sleeping          |     1 |     1 |       ||     2
Armor: Robe              |    17 |     8 |     3 ||    28
Dodge: Dodged            |    56 |    21 |    18 ||    95

Table legend: (Time is in decaauts)
 A = Elapsed time spent in this place.
 B = Non-inter-level travel time spent in this place.
 C = Inter-level travel time spent in this place.
 D = Time resting spent in this place.
 E = Time spent auto-exploring this place.
 F = Levels seen in this place.
 G = Mean time per level.
                   A        B        C        D        E       F      G
               +--------+--------+--------+--------+--------+-----+--------+
         Total |   4718 |   4669 |     49 |   2411 |   1392 |   5 |  943.6 |
       Dungeon |   4718 |   4669 |     49 |   2411 |   1392 |   5 |  943.6 |
               +--------+--------+--------+--------+--------+-----+--------+

Top non-repeatable levels by time:
     D:3: 1369 daAuts
     D:1: 1141 daAuts
     D:4: 960 daAuts
     D:2: 834 daAuts
     D:5: 413 daAuts
